 Dungeon Crawl Stone Soup version 0.26-a0-504-g0cf647090d (webtiles) character file.

Game seed: 5331914865666893093

133637 ReteAZ the Imperceptible (level 17, -19/102 HPs)
             Began as a Kobold Brigand on Aug 8, 2020.
             Was the Champion of Dithmenos.
             Killed from afar by Nikola (22 damage)
             ... with a chain lightning
             ... on level 2 of the Snake Pit.
             The game lasted 01:22:10 (40268 turns).

ReteAZ the Imperceptible (Kobold Brigand)          Turns: 40268, Time: 01:22:11

Health: -19/102    AC: 20    Str: 10    XL:     17   Next: 73%
Magic:  0/17       EV: 33    Int: 13    God:    Dithmenos [******]
Gold:   2909       SH:  8    Dex: 24    Spells: 16/16 levels left

rFire    + . .     SeeInvis .   a - +9 quick blade (protect)
rCold    + . .     Faith    .   V - +1 buckler {AC+3}
rNeg     + . .     Spirit   +   F - +2 robe {rC+ rF+}
rPois    +         Reflect  .   Y - +2 hat of the Bear Spirit {Spirit, +Rage rN+ MR++}
rElec    .         Harm     .   v - scarf {repulsion}
rCorr    .                      k - +2 pair of gloves {Dex+3}
MR       ++++.                  C - +0 pair of boots
Stlth    ++++++++++             G - amulet of the acrobat
HPRegen  0.27/turn              L - ring of protection from magic
MPRegen  0.15/turn              M - ring of poison resistance

@: protection aura, wreathed by umbra, studying Dodging, repel missiles
A: small, nightstalker 3
a: Shadow Step, Shadow Form, Renounce Religion, Evoke Berserk Rage


You were on level 2 of the Snake Pit.
You worshipped Dithmenos.
Dithmenos was exalted by your worship.
You visited 6 branches of the dungeon, and saw 27 of its levels.
You also visited: Gauntlet and Ice Cave.

You collected 3760 gold pieces.
You spent 851 gold pieces at shops.

Inventory:

Hand Weapons
 a - a +9 quick blade of protection (weapon)
 b - the +5 long sword "Jigeirum" {speed, Str+6 Dex-4 Stlth+}
   (You found it on level 7 of the Dungeon)

   Attacks with this weapon are significantly faster.
   It affects your strength (+6).
   It affects your dexterity (-4).
   It makes you more stealthy.
Missiles
 d - 106 poisoned darts (quivered)
 s - 2 datura-tipped darts
 K - a curare-tipped dart
 O - 2 atropa-tipped darts
 Q - 5 throwing nets
 R - 59 boomerangs
Armour
 k - a +2 pair of gloves of dexterity (worn)
 v - a scarf of repulsion (worn)
 C - a +0 pair of boots (worn)
 F - a +2 robe of resistance (worn)
 P - +2 steam dragon scales
 V - a +1 buckler of protection (worn)
 Y - the +2 hat of the Bear Spirit (worn) {Spirit, +Rage rN+ MR++}
   (You found it in a Gauntlet)

   It protects you from negative energy.
   It affects your resistance to hostile enchantments.
   It lets you go berserk.
Jewellery
 x - an uncursed ring of protection from cold
 G - an amulet of the acrobat (around neck)
 L - a ring of protection from magic (left hand)
 M - a ring of poison resistance (right hand)
Wands
 o - a wand of flame (67)
 t - a wand of polymorph (27)
 z - a wand of digging (4)
 E - a wand of enslavement (19)
 I - a wand of disintegration (14)
 J - a wand of paralysis (32)
 T - a wand of iceblast (37)
Scrolls
 c - 4 scrolls of identify
 e - 5 scrolls of fog
 f - 3 scrolls of enchant armour
 g - 6 scrolls of magic mapping
 i - a scroll of blinking
 l - 3 scrolls of fear
 q - 7 scrolls of immolation
 r - 9 scrolls of remove curse
 S - a scroll of silence
 U - 9 scrolls of teleportation
Potions
 h - 3 potions of cancellation
 j - 2 potions of magic
 m - 4 potions of resistance
 p - 8 potions of heal wounds
 u - 4 potions of lignification
 y - 5 potions of might
 A - 11 potions of curing
 B - a potion of brilliance
 D - 3 potions of flight
 H - 6 potions of mutation
 N - 6 potions of ambrosia
 W - 5 potions of haste
 X - 4 potions of stabbing
 Z - 3 potions of invisibility
Books
 w - a manual of Dodging
Miscellaneous
 n - a condenser vane (3/4)


   Skills:
 - Level 10.0 Fighting
 + Level 17.8 Short Blades
 - Level 2.1 Throwing
 + Level 17.2 Dodging
 - Level 25.0 Stealth
 - Level 4.0 Shields
 - Level 17.2 Evocations


You had 16 spell levels left.
You didn't know any spells.
Your spell library contained the following spells:

 Spells                   Type           Power        Failure   Level
 Freeze                   Ice            #...         34%         1
 Magic Dart               Conj           #...         34%         1
 Summon Small Mammal      Summ           #...         34%         1
 Blink                    Tloc           N/A          47%         2
 Call Imp                 Summ           #.......     47%         2
 Corpse Rot               Necr/Air       N/A          47%         2
 Poisonous Vapours        Pois/Air       #.....       47%         2
 Searing Ray              Conj           #.....       47%         2
 Sublimation of Blood     Necr           #.........   47%         2
 Call Canine Familiar     Summ           #.......     71%         3
 Dazzling Flash           Conj/Hex       #.....       71%         3
 Frozen Ramparts          Ice            #.....       71%         3
 Gell's Gravitas          Tloc           #.........   71%         3
 Lesser Beckoning         Tloc           #.........   71%         3
 Ozocubu's Armour         Ice            #.......     71%         3
 Spider Form              Tmut/Pois      #.........   71%         3
 Summon Guardian Golem    Hex/Summ       #.......     71%         3
 Teleport Other           Tloc           #.......     71%         3
 Dispel Undead            Necr           #.......     98%         4
 Fulminant Prism          Conj/Hex       #.........   98%         4
 Hailstorm                Conj/Ice       #.......     98%         4
 Ice Form                 Ice/Tmut       #.......     98%         4
 Iskenderun's Mystic Bla  Conj/Tloc      #.......     98%         4
 Passage of Golubria      Tloc           N/A          98%         4
 Summon Ice Beast         Ice/Summ       #.......     98%         4
 Summon Lightning Spire   Summ/Air       #.......     98%         4
 Agony                    Necr           #.......     100%        5
 Excruciating Wounds      Necr           #.........   100%        5
 Metabolic Englaciation   Hex/Ice        #.........   100%        5
 Dispersal                Tloc           #.........   100%        6
 Freezing Cloud           Conj/Ice/Air   #.........   100%        6
 Ozocubu's Refrigeration  Ice            #.........   100%        6
 Simulacrum               Ice/Necr       #.........   100%        6


Dungeon Overview and Level Annotations

Branches:
Dungeon (15/15)            Temple (1/1) D:6            Lair (6/6) D:11
 Shoals (0/4) Lair:4        Snake (2/4) Lair:4        Slime (0/5) Lair:5
    Orc (2/2) D:11            Elf (1/3) Orc:2        Vaults (0/5) D:14
 Depths (0/5) D:15          IceCv (visited)         Gauntlet (visited)

Altars:
Ashenzari
Cheibriados
Dithmenos
Elyvilon
Fedhas
Gozag
Hepliaklqana
Kikubaaqudgha
Makhleb
Nemelex Xobeh
Okawaru
Qazlal
Ru
Sif Muna
Trog
Uskayaw
Vehumet
Wu Jian
Xom
Yredelemnul
Zin
The Shining One
Beogh
Jiyva

Shops:
D:13 ?   D:15 *   Orc:2 ?!:(*[   Snake:2 (}

Portals:
Trove: D:10 (give +2 storm dragon scales)

Annotations:
D:3 1 runed translucent door, murderhobo's ghost, amateur DgFi
D:7 1 runed translucent door
D:8 2 transporters
D:10 1 exclusion
Lair:2 exclusion: 2 oklob plants
Lair:5 3 runed translucent doors, hemabe71's ghost, journeyman HuAr
Snake:2 Nikola
Orc:1 threeofswords's ghost, journeyman GnGl


Innate Abilities, Weirdness & Mutations

You are small and have problems with some larger weapons.
You are completely attuned to the shadows.


Message History

Nikola is engulfed in poison gas.
Nikola looks as sick as possible!
Nikola completely misses you.
You barely miss Nikola.
Nikola is severely wounded.
Your shadow hits Nikola but does no damage.
You hit Nikola.
Nikola is severely wounded.
You closely miss Nikola.
Nikola is severely wounded.
Your shadow hits Nikola with a quick blade.
Nikola is engulfed in poison gas.
Nikola looks as sick as possible!
Nikola casts a spell.
You hear a mighty clap of thunder!
The lightning arc hits the salamander!!
The lightning arc hits you!!
* * * LOW HITPOINT WARNING * * *
You emit a cloud of dark smoke.
The lightning arc hits Nikola.
The lightning arc hits you!!
* * * LOW HITPOINT WARNING * * *
The lightning arc hits Nikola.
The lightning arc hits you!!
You die...

.....S##.....?....
##.....#.........
##................
#.)............... ##
#[...............#
...#................#
#.#§§§.............#
#§§§§§.............#
##§@§§.....(.......#
..§§§@N⌠..........=##
.##§§§§§§.[##.....##
#..⌠§§#######..†#
...#†### ###.# ...#.#
#..# .#.....# .<.8.
##..#..# .... ##.[...


You could see Nikola (extremely poisoned) and a salamander (extremely poisoned).

Vanquished Creatures
  Rupert (D:12)
  Gastronok (Orc:1)
  2 nagarajas (Snake:1)
  The ghost of Isuad the Bringer of Law, a journeyman FoWz of Zin (Snake:1)
  An orc warlord (Orc:2)
  Nessos (Orc:2)
  A minotaur (Gauntlet)
  A fire dragon (D:9)
  Josephine (Snake:1)
  Erolcha (Orc:1)
  A vault guard (D:14)
  A ghost crab (Gauntlet)
  Harold (D:11)
  6 centaur warriors
  4 naga warriors
  6 hydras
  An ogre mage (D:15)
  5 anacondas (Snake:1)
  7 two-headed ogres
  6 death yaks (Lair:3)
  A queen ant (Gauntlet)
  2 naga sharpshooters
  2 shock serpents (Snake:1)
  A tengu warrior (D:14)
  3 orc high priests (Orc:2)
  A salamander mystic (Snake:1)
  A fire crab (D:15)
  7 unseen horrors
  A glowing orange brain (D:15)
  3 naga ritualists (Snake:1)
  A wizard (D:15)
  3 orc knights (Orc:2)
  A necromancer (IceCv)
  4 orc sorcerers (Orc:2)
  4 ugly things
  6 salamanders
  An oklob plant (Lair:1)
  A wolf spider (Lair:6)
  A deep elf mage (D:13)
  A faun (shapeshifter) (D:15)
  2 manticores
  A centaur zombie (D:11)
  29 black mambas
  4 guardian serpents
  Maurice (Orc:1)
  5 naga magi (Snake:1)
  A gargoyle (D:14)
  8 elephants
  Psyche (D:8)
  An ice statue (IceCv)
  Maggie (D:8)
  13 cane toads
  2 rime drakes
  6 komodo dragons
  A kobold demonologist (D:13)
  A tengu conjurer (D:10)
  10 freezing wraiths (IceCv)
  3 meliai (D:14)
  A troll (D:7)
  A hornet (shapeshifter) (D:15)
  A queen bee (D:14)
  2 hornets (Lair:6)
  2 polar bears
  A meliai (shapeshifter) (Gauntlet)
  10 blink frogs
  7 dream sheep (Lair:4)
  14 slime creatures (D:15)
  9 hippogriffs
  Sigmund (D:2)
  A vampire (D:15)
  A tarantella (shapeshifter) (D:15)
  9 wyverns
  3 redbacks (Lair:6)
  56 yaks
  7 wraiths
  6 basilisks
  9 humans (D:14)
  2 shadows (D:11)
  2 steam dragons (D:11)
  A golden eye (shapeshifter) (D:15)
  3 vampire mosquitoes (D:12)
  2 death yak simulacra (IceCv)
  17 nagas
  A soldier ant (shapeshifter) (D:15)
  3 wargs
  A two-headed ogre zombie (D:11)
  7 soldier ants
  12 porcupines
  19 water moccasins
  An eye of draining (D:12)
  33 orc warriors
  4 phantoms
  A sky beast (shapeshifter) (Gauntlet)
  A sky beast (D:9)
  5 necrophages
  2 black bears
  18 ice beasts
  12 ogres
  11 wolves
  21 centaurs
  17 crocodiles
  Blork the orc (D:5)
  5 big kobolds
  19 bullfrogs
  9 scorpions
  A troll zombie (D:11)
  29 killer bees
  11 wights
  An electric eel (D:11)
  5 howler monkeys
  2 draconian simulacra (IceCv)
  4 hounds
  A quasit (D:10)
  2 bullfrog zombies
  2 jellies
  3 bullfrog skeletons
  32 orc priests
  31 orc wizards
  5 centaur skeletons
  6 iguanas
  11 worker ants
  3 troll simulacra (IceCv)
  5 spriggan simulacra (IceCv)
  A wolf simulacrum (IceCv)
  A polar bear simulacrum (IceCv)
  3 centaur simulacra (IceCv)
  5 ogre zombies (D:11)
  A hound skeleton (D:6)
  A hound zombie (D:9)
  Robin (D:3)
  A worker ant zombie (D:8)
  7 gnolls
  A howler monkey skeleton (D:6)
  21 adders
  6 naga simulacra (IceCv)
  An ogre simulacrum (IceCv)
  4 shadow imps
  14 white imps
  5 ufetubi
  An ooze (D:3)
  2 adder zombies
  2 adder skeletons
  5 worms
  8 leopard geckos
  116 orcs
  3 ball pythons
  5 giant cockroaches
  16 goblins
  13 hobgoblins
  5 jackals
  7 quokkas
  12 bats
  6 frilled lizards
  2 goblin skeletons (D:11)
  3 goblin zombies (D:11)
  2 hobgoblin zombies (D:11)
  A jackal simulacrum (D:7)
  A jackal zombie (D:5)
  20 kobolds
  An orc skeleton (D:11)
  16 orc zombies (D:11)
  A quokka skeleton (D:4)
  10 rats
1040 creatures vanquished.

Vanquished Creatures (collateral kills)
  An orc knight (Orc:2)
  An orc warrior (Orc:2)
  An orc wizard (Orc:2)
3 creatures vanquished.

Vanquished Creatures (others)
  A vault guard (D:14)
  A human (D:14)
  A naga (Snake:2)
  15 fungi
  53 plants
  2 withered plants (D:3)
73 creatures vanquished.

Grand Total: 1116 creatures vanquished

Notes
Turn   | Place    | Note
-------+----------+-------------------------------------------
     0 | D:1      | ReteAZ the Kobold Brigand began the quest for the Orb.
     0 | D:1      | Reached XP level 1. HP: 12/12 MP: 1/1
     2 | D:1      | Noticed a dwarf
     2 | D:1      | Noticed an elf
     4 | D:1      | Noticed a ghoul
     4 | D:1      | Noticed an octopode
     6 | D:1      | Noticed a human
     8 | D:1      | Noticed a spriggan
     8 | D:1      | Noticed a naga
    10 | D:1      | Noticed a vampire
    10 | D:1      | Noticed a demonspawn
    12 | D:1      | Noticed a tengu
    12 | D:1      | Noticed a felid
    14 | D:1      | Noticed a minotaur
    16 | D:1      | Noticed a centaur
    16 | D:1      | Noticed a demigod
    18 | D:1      | Noticed a halfling
    18 | D:1      | Noticed a formicid
    20 | D:1      | Noticed a merfolk
    20 | D:1      | Noticed an ogre
    22 | D:1      | Noticed a vine stalker
    24 | D:1      | Noticed a gargoyle
    24 | D:1      | Noticed a draconian
    26 | D:1      | Noticed a troll
   218 | D:1      | Reached XP level 2. HP: 17/17 MP: 2/2
   229 | D:1      | Reached skill level 6 in Stealth
   902 | D:1      | Reached XP level 3. HP: 6/21 MP: 3/3
  1228 | D:2      | Noticed Sigmund
  1232 | D:2      | Killed Sigmund
  1232 | D:2      | Reached skill level 9 in Stealth
  1232 | D:2      | Reached XP level 4. HP: 26/26 MP: 4/4
  1232 | D:2      | Reached XP level 5. HP: 30/30 MP: 5/5
  1239 | D:2      | Reached XP level 6. HP: 35/35 MP: 6/6
  1316 | D:2      | Found a bloodstained altar of Trog.
  2112 | D:2      | Found a faded altar of an unknown god.
  2119 | D:2      | Reached skill level 10 in Stealth
  2960 | D:3      | Found a runed translucent door.
  2960 | D:3      | Noticed murderhobo's ghost (amateur DgFi)
  3123 | D:3      | Reached XP level 7. HP: 34/41 MP: 7/7
  3347 | D:3      | Noticed Robin
  3391 | D:3      | Killed Robin
  4717 | D:5      | Entered Level 5 of the Dungeon
  4966 | D:4      | Reached skill level 11 in Stealth
  5322 | D:5      | Reached XP level 8. HP: 32/47 MP: 8/8
  5891 | D:5      | Reached skill level 5 in Fighting
  6279 | D:5      | Noticed Blork the orc
  6283 | D:5      | Killed Blork the orc
  6283 | D:5      | Reached skill level 12 in Stealth
  6892 | D:6      | Found an iron altar of Okawaru.
  7449 | D:6      | Found a staircase to the Ecumenical Temple.
  7462 | Temple   | Entered the Ecumenical Temple
  8391 | D:6      | Reached skill level 13 in Stealth
  8391 | D:6      | Reached XP level 9. HP: 53/53 MP: 9/9
  8422 | D:6      | Found a white marble altar of Elyvilon.
  8551 | D:6      | Found a snail-covered altar of Cheibriados.
  8934 | D:7      | Reached skill level 5 in Dodging
  9375 | D:7      | Found a shadowy altar of Dithmenos.
  9383 | D:7      | Became a worshipper of Dithmenos the Shadowed
  9696 | D:7      | Noticed a troll
  9713 | D:7      | Killed a troll
  9717 | D:7      | Noticed a brown ugly thing
  9853 | D:7      | Reached skill level 5 in Short Blades
 10425 | D:7      | Reached * piety under Dithmenos
 10425 | D:7      | Reached skill level 14 in Stealth
 10425 | D:7      | Reached skill level 1 in Evocations
 10760 | D:7      | Got a polished long sword
 10774 | D:7      | Identified a scroll of acquirement
 10774 | D:7      | Acquired a +5 quick blade
 10793 | D:7      | Found a runed translucent door.
 10893 | D:7      | Reached XP level 10. HP: 56/58 MP: 10/10
 11004 | D:7      | Killed a brown ugly thing
 11548 | D:8      | Noticed Psyche
 11549 | D:8      | Found a transporter.
 11552 | D:8      | Killed Psyche
 11636 | D:8      | Reached skill level 5 in Evocations
 11707 | D:8      | Found a basalt altar of Yredelemnul.
 11790 | D:8      | Noticed Maggie
 11901 | D:8      | Got a jewelled leather armour
 11932 | D:7      | Identified the +1 leather armour of Evolution {*Corrode
                  | +Blink rPois} (You found it on level 8 of the Dungeon)
 12012 | D:8      | Killed Maggie
 12712 | D:8      | Found a transporter.
 12712 | D:8      | Identified the ring "Amutror" {rPois Dex+2}
 12725 | D:8      | Noticed a centaur warrior
 12726 | D:8      | Noticed a flayed ghost
 12733 | D:8      | Noticed a seven-headed hydra
 12962 | D:9      | Reached ** piety under Dithmenos
 12967 | D:9      | Noticed a fire dragon
 13551 | D:9      | Noticed a two-headed ogre
 13786 | D:9      | Reached XP level 11. HP: 63/63 MP: 11/11
 13912 | D:9      | Killed a fire dragon
 13912 | D:9      | Reached skill level 15 in Stealth
 14421 | D:9      | Identified the +5 long sword "Jigeirum" {speed, Str+6 Dex-4
                  | Stlth+} (You found it on level 7 of the Dungeon)
 14444 | D:10     | Entered Level 10 of the Dungeon
 14483 | D:10     | Killed an unseen horror
 14559 | D:9      | Killed a two-headed ogre
 14559 | D:9      | Reached skill level 16 in Stealth
 14559 | D:9      | Reached skill level 10 in Evocations
 14669 | D:10     | Found a portal to a secret trove of treasure.
 14978 | D:10     | Reached *** piety under Dithmenos
 15268 | D:10     | Reached skill level 17 in Stealth
 15557 | D:10     | Reached skill level 1 in Shields
 15604 | D:10     | Found a shimmering blue altar of Sif Muna.
 15967 | D:11     | Killed an unseen horror
 15967 | D:11     | Reached XP level 12. HP: 36/68 MP: 12/12
 16138 | D:11     | Noticed an eight-headed hydra
 16155 | D:11     | Killed an eight-headed hydra
 16395 | D:11     | Found a staircase to the Orcish Mines.
 16734 | D:11     | Acquired a manual of Dodging
 16738 | D:11     | Noticed a two-headed ogre
 16742 | D:11     | Killed a two-headed ogre
 16752 | D:11     | Noticed a centaur warrior
 16760 | D:11     | Reached **** piety under Dithmenos
 16773 | D:11     | Killed a centaur warrior
 16894 | D:11     | Found a staircase to the Lair.
 16904 | D:11     | Reached skill level 18 in Stealth
 16997 | D:11     | Reached skill level 10 in Dodging
 17086 | D:11     | Killed an unseen horror
 17697 | D:11     | Reached ***** piety under Dithmenos
 17980 | D:11     | Noticed Harold
 17982 | D:11     | Killed Harold
 18687 | D:12     | Found a sacrificial altar of Ru.
 18723 | D:12     | Reached XP level 13. HP: 72/72 MP: 13/13
 18922 | D:12     | Noticed Rupert
 18926 | D:12     | Killed Rupert
 18926 | D:12     | Reached skill level 19 in Stealth
 19487 | Lair:1   | Entered Level 1 of the Lair of Beasts
 19882 | Lair:1   | Reached skill level 15 in Dodging
 20964 | Lair:2   | Reached skill level 20 in Stealth
 21696 | Lair:3   | Found a gate leading to a gauntlet.
 21731 | Lair:3   | Reached XP level 14. HP: 41/78 MP: 14/14
 21778 | Gauntlet | Entered a Gauntlet
 21778 | Gauntlet | Found a transporter.
 21905 | Gauntlet | Found a transporter.
 21923 | Gauntlet | Found a transporter.
 21936 | Gauntlet | Found a transporter.
 21950 | Gauntlet | Found the +2 hat of the Bear Spirit {Spirit, +Rage rN+
                  | MR++}
 21954 | Gauntlet | Found a transporter.
 21964 | Gauntlet | Found a transporter.
 21973 | Gauntlet | Found a transporter.
 21977 | Gauntlet | Found a runed translucent door.
 21992 | Gauntlet | Found a transporter.
 22012 | Gauntlet | Found a transporter.
 22025 | Gauntlet | Found a transporter.
 22245 | Gauntlet | Got a scorched silver ring
 22247 | Gauntlet | Identified the ring of Qoukagah {*Tele MR+ Str+6 Int+3}
                  | (You found it in a Gauntlet)
 22264 | Gauntlet | Found a transporter.
 22264 | Gauntlet | Found a transporter.
 22272 | Gauntlet | Found a transporter.
 22275 | Gauntlet | Found a transporter.
 22911 | Gauntlet | Identified the cursed +1 trident of Accidental Termination
                  | {freeze, Dex+3 Stlth+}
 22911 | Gauntlet | Identified the +11 arbalest of the Ten Xeniums {vorpal, rF-
                  | MR+ Str+5 Dex+4}
 22911 | Gauntlet | Noticed a minotaur
 22938 | Gauntlet | Killed a minotaur
 22938 | Gauntlet | Reached skill level 21 in Stealth
 24167 | Lair:4   | Identified the +2 leather armour of Privacy {Harm MR+} (You
                  | found it on level 4 of the Lair of Beasts)
 24306 | Lair:4   | Identified Sif Muna's Handbook of Quantum Envenoming
 24318 | Lair:4   | Found a staircase to the Snake Pit.
 24427 | Lair:4   | Found a staircase to the Shoals.
 24527 | Lair:4   | Reached ****** piety under Dithmenos
 25706 | Lair:5   | Found a staircase to the Slime Pits.
 25708 | Lair:5   | Found a viscous altar of Jiyva.
 25806 | Lair:5   | Found a runed translucent gate.
 25806 | Lair:5   | Found a runed translucent gate.
 25806 | Lair:5   | Found a runed translucent gate.
 25809 | Lair:5   | Noticed hemabe71's ghost (journeyman HuAr)
 25998 | Lair:6   | Entered Level 6 of the Lair of Beasts
 26188 | Lair:6   | Acquired 1170 gold pieces
 26579 | Lair:6   | Reached XP level 15. HP: 86/86 MP: 15/15
 26595 | Lair:6   | Reached skill level 22 in Stealth
 28833 | Orc:1    | Entered Level 1 of the Orcish Mines
 28860 | Orc:1    | Found a transporter.
 28964 | Orc:1    | Found a transporter.
 28964 | Orc:1    | Noticed threeofswords's ghost (journeyman GnGl)
 29134 | Orc:2    | Entered Level 2 of the Orcish Mines
 29134 | Orc:2    | Found Kamemo's Distillery.
 29134 | Orc:2    | Found a staircase to the Elven Halls.
 29215 | Orc:2    | Found Inerph's Magic Scroll Shoppe.
 29218 | Orc:2    | Bought a scroll of acquirement for 728 gold pieces
 29218 | Orc:2    | Acquired a +1 buckler of protection
 29684 | Orc:2    | Reached skill level 15 in Evocations
 29948 | Orc:2    | Noticed Nessos
 29955 | Orc:2    | Killed Nessos
 29973 | Orc:2    | Found a roughly hewn altar of Beogh.
 30136 | Orc:2    | Reached skill level 10 in Fighting
 31096 | Orc:2    | Noticed an orc warlord
 31285 | Orc:2    | Killed an orc warlord
 31476 | Orc:2    | Found Gonyid's General Store.
 31476 | Orc:2    | Found Qeuvaon's Book Emporium.
 31480 | Orc:2    | Bought a scroll of teleportation for 51 gold pieces
 31485 | Orc:2    | Found Muudur's Antique Armour Shoppe.
 31486 | Orc:2    | Found Rupoad's Antique Weapon Shoppe.
 31684 | Orc:1    | Noticed Gastronok
 31688 | Orc:1    | Killed Gastronok
 31921 | Orc:1    | Noticed Maurice
 31923 | Orc:1    | Killed Maurice
 32059 | Orc:1    | Noticed Erolcha
 32063 | Orc:1    | Killed Erolcha
 32063 | Orc:1    | Reached XP level 16. HP: 97/97 MP: 16/16
 32147 | Elf:1    | Entered Level 1 of the Elven Halls
 32338 | Snake:1  | Entered Level 1 of the Snake Pit
 32457 | Snake:1  | Noticed a nagaraja
 32462 | Snake:1  | Killed a nagaraja
 32729 | Snake:1  | Reached skill level 23 in Stealth
 33611 | Snake:1  | Noticed a nagaraja
 33615 | Snake:1  | Killed a nagaraja
 33615 | Snake:1  | Reached skill level 24 in Stealth
 33649 | Snake:1  | Noticed Josephine
 33674 | Snake:1  | Killed Josephine
 33940 | Snake:1  | Found a runed translucent door.
 33942 | Snake:1  | Noticed Isuad's ghost (journeyman FoWz)
 33946 | Snake:1  | Killed Isuad's ghost
 35488 | D:13     | Found Xurrocw's Magic Scroll Emporium.
 35493 | D:13     | Bought a scroll of teleportation for 36 gold pieces
 35493 | D:13     | Bought a scroll of teleportation for 36 gold pieces
 35788 | D:14     | Reached skill level 10 in Short Blades
 35831 | D:14     | Reached XP level 17. HP: 49/102 MP: 10/17
 36315 | D:14     | Found a glowing silver altar of Zin.
 36675 | D:14     | Identified the cursed +0 plate armour of the Gusle {Harm
                  | rElec}
 36678 | D:14     | Found a gate to the Vaults.
 36991 | D:15     | Entered Level 15 of the Dungeon
 37126 | D:15     | Found a frozen archway.
 37195 | IceCv    | Entered an ice cave
 37952 | IceCv    | Found an ancient bone altar of Kikubaaqudgha.
 38132 | IceCv    | Reached skill level 25 in Stealth
 38411 | D:15     | Found Ywkie's Assorted Antiques.
 38799 | D:15     | Found a staircase to the Depths.
 38814 | D:15     | Reached skill level 15 in Short Blades
 39747 | Snake:2  | Found Haptist's Antique Weapon Shoppe.
 39762 | Snake:2  | Noticed Nikola
 40175 | Snake:2  | Found Dusu's Gadget Shop.
 40247 | Snake:2  | Acquired a manual of Dodging
 40268 | Snake:2  | HP: 3/102 [Nikola/chain lightning (18)]
 40268 | Snake:2  | Killed from afar by Nikola

Illustrated notes

Levels and vault maps discovered:
D:1:      kb_arrival_jail, layout_basic, minivault_14
D:2:      layout_loops_corners, chequers_ecumenical_altar_simple,
          trog_butcher_becter, uniq_sigmund
D:3:      layout_rooms, gammafunk_ghost_grave, minmay_misc_feat_rows, uniq_robin
D:4:      layout_loops_corners
D:5:      layout_basic, kennysheep_generic_room_7, uniq_blork_the_orc
D:6:      layout_basic, elyvilon_altar_5, nicolae_overflow_crystal_walls,
          minmay_temple_entry_junction, basic_altar, minmay_joined_circles
D:7:      minmay_the_grid_four_pointed_star
          [minmay_the_grid_triangle_9x9_corruption,
          minmay_the_grid_triangle_9x9_subtriangle,
          minmay_the_grid_triangle_9x9_cache,
          minmay_the_grid_triangle_9x9_zippers_vertical,
          minmay_the_grid_prize_trominoes], layout_basic,
          nicolae_dithmenos_through_a_glass_darkly, hangedman_decor_growths
D:8:      gammafunk_sealed_arena, layout_basic, marbit_many_paths, uniq_psyche,
          uniq_maggie
D:9:      layout_loops_ring
D:10:     layout_grid_maze, enter_trove_2, led_sif_book
D:11:     minmay_s_stair_smasher, layout_loops_corners, zombieorc2_lemuel,
          serial_bayou, serial_bayou_pond_e, serial_bayou_pond_d,
          serial_bayou_pond_c, serial_bayou_shore_b, uniq_harold
D:12:     layout_irregular_city, nicolae_ru_awakened_eye, uniq_rupert
D:13:     layout_basic, serial_shops, shop
D:14:     layout_basic, ximxim_vaults_locker_room, zin_angel, minivault_7
D:15:     gammafunk_enter_depths_forms, layout_basic,
          portal_ice_cave_entry_ice_beasts, serial_shops, shop,
          item_on_display_a
Temple:   compressed_dpeg_circular_temple
Lair:1:   layout_gridlike, fungi_pond_lemuel, infiniplex_staircase_pool_2,
          lemuel_fruit_tree
Lair:2:   layout_gridlike, grunt_megastairs_2, minmay_lair_oklob_chamber
Lair:3:   layout_small_grid, gauntlet_entry_generic
Lair:4:   layout_roguey, minmay_shoals_entry_centaurs,
          guppyfry_snake_entry_island, infiniplex_staircase_pool
Lair:5:   layout_loops_ring, slime_altar_1, ebering_ghost_rock_garden
Lair:6:   hangedman_lair_tendril_chambers, layout_gridlike, serial_bayou_pond_b
Snake:1:  nicolae_snakescales, layout_onion, gammafunk_ghost_grave,
          uniq_josephine
Snake:2:  layout_rooms, serial_shops, shop_fountains, shop, shop,
          nicolae_shop_overgrown_old_shop, shop_statue, uniq_nikola
Orc:1:    layout_caves, gammafunk_ghost_arena, uniq_gastronok, uniq_maurice,
          uniq_erolcha
Orc:2:    st_orc_congregation, layout_diamond_mine, basic_altar, serial_shops,
          shop, nicolae_shop_behind_doors, uniq_nessos
Elf:1:    layout_loops_cross, hangedman_corner_corridor, uniq_roxanne

Skill      XL: |  1  2  3  4  5  6  7  8  9 10 11 12 13 14 15 16 17 |
---------------+----------------------------------------------------+-----
Stealth        | 6 9 10 11 13 14 17 18 20 21 22 24 25 | 25.0
Fighting       | 3 4 5 7 10 | 10.0
Dodging        | 4 7 8 13 16 17 | 17.2
Short Blades   | 6 8 10 17 | 17.8
Evocations     | 2 8 10 12 17 | 17.2
Shields        | 2 4 |  4.0
Throwing       | |  2.1

Action                   |  1- 3 |  4- 6 |  7- 9 | 10-12 | 13-15 | 16-18 || total
-------------------------+-------+-------+-------+-------+-------+-------++-------
Melee: Dagger            |    39 |   114 |   482 |       |       |       ||   635
       Falchion          |       |       |    62 |       |       |       ||    62
       Quick blade       |       |       |    43 |  1080 |  2272 |  1034 ||  4429
       Long sword        |       |       |       |       |    47 |    68 ||   115
Throw: Dart              |     4 |    28 |   123 |   101 |    50 |       ||   306
       Throwing net      |       |       |       |     1 |       |       ||     1
Evoke: Wand              |       |       |     1 |     7 |    19 |     1 ||    28
       Condenser vane    |       |       |       |     6 |     9 |     5 ||    20
  Use: Scroll            |       |       |    20 |     6 |    12 |    12 ||    50
       Potion            |       |       |     1 |     3 |     1 |       ||     5
 Stab: Sleeping          |    12 |    24 |    44 |    60 |   124 |   105 ||   369
       Distracted        |       |     2 |     3 |    10 |    20 |    10 ||    45
       Invisible         |       |       |     2 |     3 |       |       ||     5
       Paralysed         |       |       |       |     4 |     7 |       ||    11
Armor: Robe              |     4 |       |       |       |     2 |    42 ||    48
       Leather armour    |     1 |    12 |   122 |    13 |       |       ||   148
       Steam dragon scal |       |       |       |    80 |   140 |       ||   220
Dodge: Dodged            |    19 |    50 |   448 |   583 |  1188 |   551 ||  2839
       Repelled          |       |       |       |       |     6 |     4 ||    10
Block: Buckler           |       |       |       |       |   129 |   194 ||   323
       Rpst.: Falchion   |       |       |    15 |       |       |       ||    15
       Long sword        |       |       |       |       |     7 |    27 ||    34

Table legend: (Time is in decaauts)
 A = Elapsed time spent in this place.
 B = Non-inter-level travel time spent in this place.
 C = Inter-level travel time spent in this place.
 D = Time resting spent in this place.
 E = Time spent auto-exploring this place.
 F = Levels seen in this place.
 G = Mean time per level.
                   A        B        C        D        E       F      G
               +--------+--------+--------+--------+--------+-----+--------+
         Total |  37113 |  34592 |   2521 |   6742 |  18717 |  29 | 1279.8 |
       Dungeon |  22484 |  20775 |   1709 |   4146 |  11218 |  15 | 1498.9 |
        Temple |    162 |    129 |     33 |      0 |    128 |   1 |  162.0 |
          Lair |   7221 |   6679 |    542 |    435 |   4893 |   6 | 1203.5 |
     Snake Pit |   2072 |   1977 |     95 |    387 |   1125 |   2 | 1036.0 |
  Orcish Mines |   2889 |   2749 |    140 |    663 |   1029 |   2 | 1444.5 |
   Elven Halls |     59 |     59 |      0 |      0 |     33 |   1 |   59.0 |
      Ice Cave |    934 |    934 |      0 |    378 |     48 |   1 |  934.0 |
      Gauntlet |   1289 |   1289 |      0 |    732 |    242 |   1 | 1289.0 |
               +--------+--------+--------+--------+--------+-----+--------+

Top non-repeatable levels by time:
     D:7: 2731 daAuts
     D:5: 2255 daAuts
   Orc:2: 2154 daAuts
  Lair:6: 2144 daAuts
    D:11: 2056 daAuts
 Snake:1: 1886 daAuts
     D:6: 1606 daAuts
    D:10: 1599 daAuts
     D:2: 1417 daAuts
     D:9: 1403 daAuts
     D:4: 1348 daAuts
    D:14: 1314 daAuts
     D:8: 1295 daAuts
     D:1: 1292 daAuts
Gauntlet: 1289 daAuts
